Map: Void Thrashing

Players

wasp

  • Race: Protoss Protoss

larsgj

  • Race: Terran Terran

VOD

Have the link to the VOD?

Description

Time

  • Played on: Sept. 7, 2018, 10:52 a.m.
  • Length: 20:19
Show
View Real Time Build Order
Export as new Build Order

wasp Protoss 

Build Orders:  

Get SALT Encoding   

    0:00  Probe x12 (Chrono Boost)  
    0:09  Unknown x4  
  12  0:31  Pylon  
  12  1:02  Gateway  
  12  1:40  Gateway  
  12  1:46  Assimilator  
  12  2:25  Zealot  
  12  2:27  Assimilator  
  14  2:39  Zealot  
  16  2:46  Zealot  
  18  3:30  Zealot  
  18  3:31  Zealot  
  18  3:32  Cybernetics Core  
  22  4:10  Forge  
  22  6:11  Pylon  
  22  6:19  Pylon  
  22  6:40  Pylon  
  22  8:23  Nexus  
  22  8:35  Pylon, Zealot  
  22  8:36  Zealot x2  
  22  8:37  Zealot x2  
  22  8:38  Zealot  
  34  9:30  Assimilator  
  34  9:50  Zealot x2  
  34  9:51  Zealot x2  
  36  11:59  Zealot  
  36  12:15  Zealot  
  36  12:16  Zealot  
  36  12:17  Zealot  
  36  12:18  Zealot  
  36  12:19  Zealot  
  46  13:06  Twilight Council  
  46  13:10  Zealot  
  46  13:11  Zealot  
  46  13:12  Zealot  
  46  13:13  Zealot  
  40  15:34  Zealot  
  40  15:35  Zealot  
  40  15:36  Zealot  
  40  15:37  Zealot x2  
  40  15:38  Zealot  
  52  16:41  Zealot x2  
  52  16:42  Zealot  
  58  17:11  Charge  
  58  17:41  Zealot  
  58  17:45  Zealot  
  58  17:46  Zealot  
  58  17:47  Zealot x2  
  68  17:56  Zealot  
  70  18:11  Whirlwind  
  70  18:21  Pylon  
  70  18:28  Pylon  
Show
View Real Time Build Order
Export as new Build Order

larsgj Terran 

Build Orders:  

Get SALT Encoding   

    0:00  Orbital Command, SCV x12  
    0:09  Unknown x3  
  12  0:13  SCV  
  13  0:31  Supply Depot  
  13  0:36  SCV  
  14  0:55  SCV  
  15  1:04  Barracks  
  15  1:14  Supply Depot  
  15  1:23  SCV  
  16  1:56  Marine  
  16  1:57  Supply Depot  
  17  2:09  Marine  
  18  2:13  SCV  
  18  2:17  Refinery  
  19  2:23  Refinery  
  19  2:25  Marine  
  20  2:30  SCV  
  21  2:42  Marine  
  21  2:47  SCV  
  23  2:50  Supply Depot  
  23  3:04  SCV  
  24  3:11  Marine  
  25  3:20  SCV  
  25  3:25  Barracks  
  26  3:33  Marine  
  26  3:37  SCV  
  28  3:46  Marine  
  29  3:54  SCV  
  30  4:01  Supply Depot  
  30  4:04  Marine  
  30  4:09  Barracks Tech Lab  
  31  4:21  Engineering Bay  
  31  4:37  Barracks Tech Lab  
  31  4:39  SCV  
  32  4:46  Marine  
  33  4:56  SCV  
  33  4:58  Marine  
  35  5:11  Marine  
  34  6:01  Terran Infantry Weapons Level 1  
  34  6:07  Supply Depot  
  34  6:16  Medic  
  34  6:18  Marine  
  37  6:28  Medic  
  39  6:31  Marine  
  39  6:39  Supply Depot  
  40  6:41  Marine  
  40  6:43  Marine  
  40  6:44  SCV  
  43  7:01  SCV  
  44  7:12  Supply Depot  
  44  7:18  SCV  
  45  7:25  Barracks  
  45  7:35  SCV  
  46  7:46  Supply Depot  
  46  7:52  SCV  
  47  8:14  Marine x2, Medic  
  51  8:26  Marine, Medic  
  51  8:27  Marine  
  51  8:29  Command Center  
  55  8:34  Refinery  
  55  8:39  Marine x2, Medic  
  58  8:40  Terran Infantry Armor Level 1  
  58  8:41  Refinery  
  59  8:51  Marine  
  60  9:05  Marine x2  
  60  9:06  Marine  
  63  9:12  SCV  
  63  9:18  Marine  
  65  9:29  SCV  
  66  9:36  Marine  
  66  9:37  Marine x2  
  69  9:49  Marine  
  70  10:14  Orbital Command  
  70  10:19  Orbital Command  
  69  11:37  Marine x2  
  69  11:38  Marine  
  71  11:50  Marine x3  
  74  12:02  Marine, Medic x2  
  79  12:15  Marine x2, Medic  
  83  12:27  Marine, Medic x2  
  87  12:49  Marine x2  
  78  12:50  Marine  
  90  13:02  Marine x3  
  90  13:04  SCV  
  94  13:10  Supply Depot  
  94  13:14  Marine, Medic x2  
  99  13:21  SCV  
  99  13:26  Marine  
  99  13:27  Marine  
  102  13:39  Marine x2, Medic  
  102  13:40  SCV  
  102  13:42  Supply Depot  
  107  13:52  Medic  
  107  13:57  SCV  
  110  14:14  SCV  
  110  14:15  Supply Depot  
  94  15:30  Marine x3  
  114  15:42  Marine, Medic x2  
  119  15:54  Marine  
  119  15:55  Marine, Medic  
  123  16:07  Marine x2, Medic  
  126  16:19  Marine  
  99  16:20  Marine x2  
  126  16:58  Supply Depot  
  126  17:22  Factory  
  126  17:27  Marine x2  
  126  17:28  Marine  
  129  17:40  Marine x3  
  129  17:43  Supply Depot  
  132  17:52  Marine x2  
  132  17:58  Supply Depot  
  134  18:02  Engineering Bay  
  134  18:13  Marine x3  
  137  18:25  Marine x3  
  140  18:31  Supply Depot  
  140  18:37  Marine  
  141  19:02  Supply Depot  
  140  19:34  Marine  
  140  19:35  Marine x2, Supply Depot  
  143  19:47  Marine x3  
  146  19:59  Marine  
  121  20:00  Marine x2  
Tags
 
Commander
ArtanisRaynor
Matchup
Co-op
Replay Pack
Multiplayer
Add a new tag
Caveats
  • Supply blocks, unpowered buildings, or Contaminate may cause inaccurate times.
  • Supply counts are checked every 10 seconds.